 Dungeon Crawl Stone Soup version 0.28-a0-850-g09de17f5b5 (webtiles) character file.

Game seed: 8481411058718880114

198 Ostrozub the Skirmisher (level 5, 0/48 HPs)
             Began as a Minotaur Fighter on Nov 14, 2021.
             Was a Believer of Elyvilon.
             Slain by Pikel (1 damage)
             ... on level 3 of the Dungeon.
             The game lasted 01:03:56 (3081 turns).

Ostrozub the Skirmisher (Minotaur Fighter)          Turns: 3081, Time: 01:04:01

Health: 0/48       AC:  9    Str: 21    XL:     5   Next: 47%
Magic:  4/4        EV:  8    Int:  5    God:    Elyvilon [**....]
Gold:   138        SH:  4    Dex: 10    Spells: 4/4 levels left

rFire   . . .      SeeInvis .   a - +0 long sword
rCold   . . .      Faith    .   c - +0 buckler
rNeg    . . .      Spirit   .   o - +0 chain mail
rPois   .          Reflect  .   (helmet restricted)
rElec   .          Harm     .   (no cloak)
rCorr   .          Rampage  .   (no gloves)
Will    .....                   (no boots)
Stlth   ..........              (no amulet)
HPRegen 0.16/turn               (no ring)
MPRegen 0.09/turn               (no ring)

@: no status effects
A: horns 2, retaliatory headbutt
a: Renounce Religion, Purification, Heal Other


You were on level 3 of the Dungeon.
You worshipped Elyvilon.
Elyvilon was pleased with you.
You visited 1 branch of the dungeon, and saw 4 of its levels.

You collected 138 gold pieces.

Inventory:

Hand Weapons
 a - a +0 long sword (weapon)
Missiles
 h - 5 boomerangs (quivered)
Armour
 c - a +0 buckler (worn)
 o - a +0 chain mail (worn)
Jewellery
 b - a ring of magical power
Scrolls
 e - a scroll of amnesia {unknown}
 f - a scroll of fear {unknown}
 i - a scroll of fog {unknown}
 k - a scroll of enchant weapon {unknown}
 m - a scroll of teleportation {unknown}
 n - a scroll of brand weapon {unknown}
Potions
 d - a potion of might
 g - a potion of flight {unknown}
 j - a potion of haste {unknown}
 l - 2 potions of curing {unknown}


   Skills:
 + Level 5.0 Fighting
 + Level 3.8 Long Blades
 + Level 1.0 Throwing
 + Level 4.9 Armour
 + Level 0.7 Dodging
 + Level 4.3 Shields


You had 4 spell levels left.
You didn't know any spells.
Your spell library contained the following spells:

 Spells                   Type           Power      Damage    Failure   Level
 Sandblast                Erth           0%         2d4       99%         1
 Shock                    Conj/Air       0%         1d3       99%         1
 Passwall                 Tmut/Erth      0%         N/A       100%        2
 Gell's Gravitas          Tloc           0%         N/A       100%        3
 Stone Arrow              Conj/Erth      0%         3d7       100%        3
 Swiftness                Air            0%         N/A       100%        3
 Teleport Other           Tloc           0%         N/A       100%        3
 Airstrike                Air            0%         N/A       100%        4
 Dispersal                Tloc           0%         N/A       100%        6


Dungeon Overview and Level Annotations

Branches:
Dungeon (4/15)
 Temple: D:4-7

Altars:
Elyvilon
Makhleb
The Shining One

Annotations:
D:3 Pikel


Innate Abilities, Weirdness & Mutations

You have a pair of horns on your head.
You reflexively headbutt those who attack you in melee.


Message History

You block Pikel's attack. You block the lemure's attack.
Pikel hits you with a +0 whip of freezing.
Pikel freezes you.
You barely miss Pikel. The lemure hits you.
* * * LOW HITPOINT WARNING * * *
Pikel hits you with a +0 whip of freezing.
* * * LOW HITPOINT WARNING * * *
Pikel freezes you.
* * * LOW HITPOINT WARNING * * *
You closely miss Pikel. The lemure hits you.
* * * LOW HITPOINT WARNING * * *
Pikel hits you with a +0 whip of freezing.
* * * LOW HITPOINT WARNING * * *
Pikel freezes you.
* * * LOW HITPOINT WARNING * * *
You hit Pikel but do no damage. The lemure hits you but does no damage.
You block Pikel's attack.
You hit Pikel.
Pikel is lightly wounded.
You block the lemure's attack. Pikel hits you but does no damage.
The lemure hits you but does no damage.
You barely miss Pikel. You headbutt Pikel!
Pikel is moderately wounded.
You block Pikel's attack. You block the lemure's attack.
Pikel barely misses you.
You miss Pikel. You headbutt Pikel, but do no damage.
Pikel is moderately wounded.
The lemure closely misses you. You furiously retaliate!
You headbutt the lemure!
Pikel hits you with a +0 whip of freezing.
* * * LOW HITPOINT WARNING * * *
Pikel freezes you.
* * * LOW HITPOINT WARNING * * *
You slash Pikel!
Pikel is heavily wounded.
The lemure barely misses you.
Pikel hits you with a +0 whip of freezing.
Elyvilon protects you from harm! Pikel freezes you.
You die...

##### #.... ####.
####### ####. #.....#
###### #....
#.....###....#####.##.
#.....#.##.#..........
#....@5........†......
#....K#......#####.###
###................#
####.#.#.#.###.##.###
#.....)........##...#
##.#..###.#####...##.#
#.....# #.# ###.##.#
##....###.# #####.....
#.#......###..#######


You could see Pikel and a lemure.

Vanquished Creatures
  A lemure (D:3)
  An iguana (D:3)
  Natasha (thrice) (D:2)
  A howler monkey skeleton (D:3)
  4 adders
  3 dart slugs (D:1)
  5 bats
  5 endoplasms
  6 goblins
  4 hobgoblins
  3 jackals (D:2)
  4 ball pythons
  2 frilled lizards (D:1)
  5 kobolds
  6 rats
53 creatures vanquished.

Notes
Turn   | Place    | Note
-------+----------+-------------------------------------------
     0 | D:1      | Ostrozub the Minotaur Fighter began the quest for the Orb.
     0 | D:1      | Reached XP level 1. HP: 19/19 MP: 0/0
   274 | D:1      | Reached skill level 4 in Fighting
   274 | D:1      | Reached XP level 2. HP: 27/27 MP: 1/1
   371 | D:1      | Found a faded altar of an unknown god.
   436 | D:1      | Prayed at the altar of an unknown god.
   436 | D:1      | Became a worshipper of Elyvilon the Healer
   436 | D:1      | Reached * piety under Elyvilon
   679 | D:1      | Reached XP level 3. HP: 31/33 MP: 2/2
  1419 | D:2      | Reached ** piety under Elyvilon
  1450 | D:2      | Noticed Natasha
  1455 | D:2      | Killed Natasha
  1456 | D:2      | Reached XP level 4. HP: 41/41 MP: 3/3
  1483 | D:2      | Noticed Natasha
  1487 | D:2      | Killed Natasha
  1750 | D:2      | Noticed Natasha
  2047 | D:2      | Killed Natasha
  2048 | D:2      | Reached XP level 5. HP: 26/47 MP: 4/4
  2442 | D:3      | Reached skill level 5 in Fighting
  2651 | D:3      | Found a burning altar of Makhleb.
  2695 | D:3      | Found a glowing golden altar of the Shining One.
  2793 | D:3      | Reached skill level 1 in Throwing
  3021 | D:4      | Noticed Pikel
  3021 | D:4      | Noticed a lemure
  3021 | D:4      | Noticed a lemure
  3021 | D:4      | Noticed a lemure
  3021 | D:4      | Noticed a lemure
  3033 | D:3      | Killed a lemure
  3080 | D:3      | HP: 1/48 [Pikel (2)]
  3081 | D:3      | Elyvilon protects you from harm!
  3081 | D:3      | Slain by Pikel

Illustrated notes

Levels and vault maps discovered:
D:1:      onia_arrival_mini_spirals, layout_basic,
          shapermc_ecumenical_altar_mp_ritualfount, serial_rivers,
          chequers_serial_rivers_micro_e, chequers_serial_rivers_small_3,
          chequers_serial_rivers_micro_d, chequers_serial_rivers_small_a
D:2:      layout_loops_cross, chequers_avenue, uniq_natasha
D:3:      layout_basic, bloody_makhleb, tso_oasis_becter, minivault_19
D:4:      minmay_chambers_of_fours, layout_basic, kennysheep_mini,
          general_overflow_altar, minmay_misc_feat_enclosed, uniq_pikel

Skill      XL: |  1  2  3  4  5 |
---------------+----------------+-----
Fighting       | 4 5 |  5.0
Armour         | 4 |  4.9
Shields        | 4 |  4.3
Long Blades    | 3 |  3.8
Throwing       | 1 |  1.0
Dodging        | |  0.7

Action                   |  1- 3 |  4- 6 || total
-------------------------+-------+-------++-------
Melee: Long sword        |    76 |    64 ||   140
       Headbutt          |    18 |    10 ||    28
Throw: Boomerang         |     7 |     6 ||    13
Invok: Purification      |       |     1 ||     1
Armor: Scale mail        |    50 |     6 ||    56
       Chain mail        |       |    18 ||    18
Dodge: Dodged            |    43 |    19 ||    62
Block: Buckler           |    11 |    17 ||    28

Table legend: (Time is in decaauts)
 A = Elapsed time spent in this place.
 B = Non-inter-level travel time spent in this place.
 C = Inter-level travel time spent in this place.
 D = Time resting spent in this place.
 E = Time spent auto-exploring this place.
 F = Levels seen in this place.
 G = Mean time per level.
                   A        B        C        D        E       F      G
               +--------+--------+--------+--------+--------+-----+--------+
         Total |   3135 |   3065 |     70 |    431 |   1123 |   4 |  783.8 |
       Dungeon |   3135 |   3065 |     70 |    431 |   1123 |   4 |  783.8 |
               +--------+--------+--------+--------+--------+-----+--------+

Top non-repeatable levels by time:
     D:1: 1289 daAuts
     D:2: 1170 daAuts
     D:3: 671 daAuts
     D:4: 4 daAuts
